PBL
MADISON BREWERS @ VICTORIA CAPITALS
07/13/2049
 
TOP OF THE 1ST
Madison Brewers batting - Pitching for Victoria Capitals : RHP Jae-chun Jung
Pitching: RHP Jae-chun Jung
Batting: RHB Ben Follett 0-0: Ball
1-0: Ball
2-0: Foul Ball, location: 2F
2-1: Ball
3-1: Swinging Strike
3-2: DOUBLE (Flyball, 8RXD, EV 95.0 MPH)
Batting: RHB Malcolm McCauley 0-0: Ball
1-0: Fly out, F9 (Flyball, 89S, EV 81.2 MPH)
Batting: RHB Jelani Griffin 0-0: Ball
1-0: Ball
2-0: Foul Ball, location: 2F
2-1: Called Strike
2-2: Ball
3-2: Fly out, F9 (Flyball, 89D, EV 103.8 MPH)
Runner from 2nd tags up, SAFE at 3rd, no throw by RF
Batting: RHB Bobby Raya 0-0: Called Strike
0-1: Ball
1-1: Ball
2-1: Fly out, F9 (Line Drive, 89M, EV 92.5 MPH)
Top of the 1st over - 0 runs, 1 hit, 0 errors, 1 left on base; Madison 0 - Victoria 0
BOTTOM OF THE 1ST
Victoria Capitals batting - Pitching for Madison Brewers : LHP Joel Congleton
Pitching: LHP Joel Congleton
Batting: RHB Mike Reynolds 0-0: Fly out, F8 (Flyball, 8RD, EV 79.4 MPH)
Batting: RHB Antonio Arechiga 0-0: Ground out 2-3 (Groundball, 2L, EV 69.4 MPH)
Batting: RHB Nick Ellis 0-0: Foul Ball, location: 2F
0-1: Ball
1-1: Ball
2-1: Foul Ball, location: 2F
2-2: Ball
3-2: Foul Ball, location: 2F
3-2: Foul Ball, location: 2F
3-2: Fly out, F9 (Flyball, 9LSF, EV 90.0 MPH)
Bottom of the 1st over - 0 runs, 0 hits, 0 errors, 0 left on base; Madison 0 - Victoria 0
TOP OF THE 2ND
Madison Brewers batting - Pitching for Victoria Capitals : RHP Jae-chun Jung
Batting: RHB Dave Guevara 0-0: Foul Ball, location: 2F
0-1: Foul Ball, location: 2F
0-2: Strikes out looking
Batting: RHB Patrick Foote 0-0: Ball
1-0: Swinging Strike
1-1: Foul Ball, location: 2F
1-2: Ground out 6-3 (Groundball, 6, EV 81.9 MPH)
Batting: LHB Andy Underwood 0-0: Called Strike
0-1: Ball
1-1: Called Strike
1-2: Ball
2-2: Fly out, F6 (Popup, 6, EV 76.2 MPH)
Top of the 2nd over - 0 runs, 0 hits, 0 errors, 0 left on base; Madison 0 - Victoria 0
BOTTOM OF THE 2ND
Victoria Capitals batting - Pitching for Madison Brewers : LHP Joel Congleton
Batting: RHB Hyeon-cheong Lee 0-0: Called Strike
0-1: Ground out 6-3 (Groundball, 6M, EV 108.1 MPH)
Batting: SHB Rich Roberts 0-0: Ground out 4-3 (Groundball, 4, EV 88.8 MPH)
Batting: LHB Willard Balcome 0-0: Foul Ball, location: 2F
0-1: Foul Ball, location: 2F
0-2: SINGLE (Groundball, 6, EV 98.8 MPH)
Batting: RHB Ray Wathey 0-0: Called Strike
0-1: Ball
1-1: Ball
2-1: Called Strike
2-2: Ball
3-2: Foul Ball, location: 2F
3-2: 2-RUN HOME RUN (Line Drive, 7LD, EV 96.2 MPH), Distance : 341 ft
Batting: LHB Mike Jones 0-0: Called Strike
0-1: Fly out, F7 (Line Drive, 7, EV 106.2 MPH)
Bottom of the 2nd over - 2 runs, 2 hits, 0 errors, 0 left on base; Madison 0 - Victoria 2
TOP OF THE 3RD
Madison Brewers batting - Pitching for Victoria Capitals : RHP Jae-chun Jung
Batting: LHB Ben Holt 0-0: Ball
1-0: Ground out 5-3 (Groundball, 56, EV 82.5 MPH)
Batting: RHB Joe Schoonmaker 0-0: Called Strike
0-1: Ball
1-1: Ball
2-1: Ball
3-1: Base on Balls
Batting: RHB Ben Follett 0-0: Ball
1-0: Called Strike
1-1: Ball
2-1: Ball
3-1: Foul Ball, location: 2F
3-2: Foul Ball, location: 2F
3-2: DOUBLE (Groundball, 5L, EV 108.1 MPH)
Joe Schoonmaker to third
Batting: RHB Malcolm McCauley 0-0: Ball
1-0: Ball
2-0: Ground out 1-3 (Groundball, 13S, EV 68.1 MPH)
Batting: RHB Jelani Griffin 0-0: Ball
1-0: Foul Ball, location: 2F
1-1: Foul Ball, location: 2F
1-2: Ball
2-2: Foul Ball, location: 2F
2-2: Foul Ball, location: 2F
2-2: Foul Ball, location: 2F
2-2: Ground out 5-3 (Groundball, 25, EV 77.5 MPH)
Top of the 3rd over - 0 runs, 1 hit, 0 errors, 2 left on base; Madison 0 - Victoria 2
BOTTOM OF THE 3RD
Victoria Capitals batting - Pitching for Madison Brewers : LHP Joel Congleton
Batting: RHB Kyung-hwan Lee 0-0: Fly out, F9 (Flyball, 9S, EV 87.5 MPH)
Batting: RHB Mike Reynolds 0-0: Fly out, F8 (Line Drive, 78D, EV 91.9 MPH)
Batting: RHB Antonio Arechiga 0-0: Ball
1-0: Ground out 5-3 (Groundball, 15, EV 75.6 MPH)
Bottom of the 3rd over - 0 runs, 0 hits, 0 errors, 0 left on base; Madison 0 - Victoria 2
TOP OF THE 4TH
Madison Brewers batting - Pitching for Victoria Capitals : RHP Jae-chun Jung
Batting: RHB Bobby Raya 0-0: Ball
1-0: Called Strike
1-1: Called Strike
1-2: Ground out 1-3 (Groundball, 13, EV 66.9 MPH)
Batting: RHB Dave Guevara 0-0: Ball
1-0: Fly out, F7 (Line Drive, 7LS, EV 93.8 MPH)
Batting: RHB Patrick Foote 0-0: Called Strike
0-1: SOLO HOME RUN (Flyball, 7D, EV 103.8 MPH), Distance : 395 ft
Batting: LHB Andy Underwood 0-0: Fly out, F8 (Line Drive, 8LS, EV 110.6 MPH)
Top of the 4th over - 1 run, 1 hit, 0 errors, 0 left on base; Madison 1 - Victoria 2
BOTTOM OF THE 4TH
Victoria Capitals batting - Pitching for Madison Brewers : LHP Joel Congleton
Batting: RHB Nick Ellis 0-0: Ball
1-0: Fly out, F3 (Popup, 23F, EV 77.5 MPH)
Batting: RHB Hyeon-cheong Lee 0-0: Called Strike
0-1: Foul Ball, location: 2F
0-2: SOLO HOME RUN (Flyball, 8RXD, EV 110.0 MPH), Distance : 445 ft
Batting: SHB Rich Roberts 0-0: Foul Ball, location: 2F
0-1: Swinging Strike
0-2: Foul Ball, location: 2F
0-2: Ball
1-2: Ball
2-2: Ball
3-2: SINGLE (Line Drive, 7LS, EV 100.6 MPH)
Batting: LHB Willard Balcome 0-0: Ball
1-0: Called Strike
1-1: Foul Ball, location: 2F
1-2: Foul Ball, location: 2F
1-2: Foul Ball, location: 2F
1-2: Fly out, F8 (Flyball, 78D, EV 88.1 MPH)
Batting: RHB Ray Wathey 0-0: Foul Ball, location: 2F
0-1: Ball
1-1: Foul Ball, location: 2F
1-2: Strikes out swinging
Bottom of the 4th over - 1 run, 2 hits, 0 errors, 1 left on base; Madison 1 - Victoria 3
TOP OF THE 5TH
Madison Brewers batting - Pitching for Victoria Capitals : RHP Jae-chun Jung
Batting: LHB Ben Holt 0-0: Ball
1-0: Called Strike
1-1: Ball
2-1: Ground out 6-3 (Groundball, 6M, EV 83.8 MPH)
Batting: RHB Joe Schoonmaker 0-0: Ground out 6-3 (Groundball, 6M, EV 91.9 MPH)
Batting: RHB Ben Follett 0-0: Foul Ball, location: 2F
0-1: Ball
1-1: Swinging Strike
1-2: Ball
2-2: Foul Ball, location: 2F
2-2: Strikes out swinging
Top of the 5th over - 0 runs, 0 hits, 0 errors, 0 left on base; Madison 1 - Victoria 3
BOTTOM OF THE 5TH
Victoria Capitals batting - Pitching for Madison Brewers : LHP Joel Congleton
Batting: LHB Mike Jones 0-0: Called Strike
0-1: Fly out, F9 (Flyball, 9, EV 85.0 MPH)
Batting: RHB Kyung-hwan Lee 0-0: Ball
1-0: SOLO HOME RUN (Flyball, 89XD, EV 103.8 MPH), Distance : 398 ft
Batting: RHB Mike Reynolds 0-0: Ball
1-0: Ball
2-0: Called Strike
2-1: Fly out, F4 (Popup, 34, EV 71.2 MPH)
Batting: RHB Antonio Arechiga 0-0: Called Strike
0-1: Ball
1-1: Foul Ball, location: 2F
1-2: Ball
2-2: SINGLE (Line Drive, 78S, EV 100.6 MPH)
Batting: RHB Nick Ellis 0-0: Ball
1-0: Foul Ball, location: 2F
1-1: Ball
2-1: Foul Ball, location: 2F
2-2: Ball
3-2: Fly out, F8 (Flyball, 8RD, EV 97.5 MPH)
Bottom of the 5th over - 1 run, 2 hits, 0 errors, 1 left on base; Madison 1 - Victoria 4
TOP OF THE 6TH
Madison Brewers batting - Pitching for Victoria Capitals : RHP Jae-chun Jung
Batting: RHB Malcolm McCauley 0-0: Foul Ball, location: 2F
0-1: Ball
1-1: Swinging Strike
1-2: Ball
2-2: Ball
3-2: Base on Balls
Batting: RHB Jelani Griffin 0-0: Ball
1-0: Ball
Malcolm McCauley is caught stealing 2nd base 2-4
2-0: Ball
3-0: SINGLE (Groundball, 34D, EV 101.9 MPH)
Batting: RHB Bobby Raya 0-0: Ball
1-0: Swinging Strike
1-1: Called Strike
1-2: Strikes out looking
Batting: RHB Dave Guevara 0-0: SINGLE (Groundball, 6MD, EV 97.5 MPH)
Jelani Griffin to second
Runner from 2nd tries for 3rd, SAFE, throw by CF made to third
Batting: RHB Patrick Foote 0-0: Ball
1-0: Ball
2-0: Ball
3-0: Base on Balls
Dave Guevara to second
Batting: LHB Andy Underwood 0-0: SINGLE (Flyball, 3D, EV 93.1 MPH)
Jelani Griffin scores
Dave Guevara to third
Patrick Foote to second
Runner from 3rd tries for Home, SAFE, throw by RF to home
Pinch Hitting: RHB Ivan Rivera 0-0: Called Strike
0-1: Foul Ball, location: 2F
0-2: Ball
1-2: Strikes out swinging
Top of the 6th over - 2 runs, 3 hits, 0 errors, 2 left on base; Madison 3 - Victoria 4
BOTTOM OF THE 6TH
Victoria Capitals batting - Pitching for Madison Brewers : LHP Joel Congleton
Now in LF: Ivan Rivera
Batting: RHB Hyeon-cheong Lee 0-0: Ball
1-0: Ball
2-0: SINGLE (Groundball, 6MD, EV 105.0 MPH)
Batting: SHB Rich Roberts 0-0: 2-RUN HOME RUN (Flyball, 7D, EV 95.6 MPH), Distance : 358 ft
Pitching: RHP Rick Acevedo
Batting: LHB Willard Balcome 0-0: Ball
1-0: Foul Ball, location: 2F
1-1: Foul Ball, location: 2F
1-2: Strikes out looking
Batting: RHB Ray Wathey 0-0: Ball
1-0: Ball
2-0: Ground out 6-3 (Groundball, 6, EV 83.1 MPH)
Batting: LHB Mike Jones 0-0: Called Strike
0-1: Swinging Strike
0-2: Strikes out swinging
Bottom of the 6th over - 2 runs, 2 hits, 0 errors, 0 left on base; Madison 3 - Victoria 6
TOP OF THE 7TH
Madison Brewers batting - Pitching for Victoria Capitals : RHP Jae-chun Jung
Now at 1B: Kevin Harris
Batting: LHB Bill Kovac 0-0: Ball
1-0: Ball
2-0: Called Strike
2-1: SINGLE (Line Drive, 6D, EV 96.2 MPH)
Pitching: RHP Kevin Stodart
Batting: RHB Ben Follett 0-0: Ball
1-0: Fielders Choice at 2nd, 4-6 (Groundball, 4, EV 86.2 MPH)
Pinch Hitting: LHB Jackson Wither 0-0: Ball
1-0: Swinging Strike
1-1: Foul Ball, location: 2F
1-2: Strikes out swinging
Batting: RHB Jelani Griffin 0-0: Foul Ball, location: 2F
0-1: Foul Ball, location: 2F
0-2: Ball
Ben Follett is caught stealing 2nd base 2-4
Top of the 7th over - 0 runs, 1 hit, 0 errors, 0 left on base; Madison 3 - Victoria 6
BOTTOM OF THE 7TH
Victoria Capitals batting - Pitching for Madison Brewers : RHP Rick Acevedo
Now in CF: Sammar Wambugu
Batting: RHB Kyung-hwan Lee 0-0: TRIPLE (Flyball, 78XD, EV 93.1 MPH)
Batting: RHB Mike Reynolds 0-0: Ball
1-0: Swinging Strike
1-1: Swinging Strike
1-2: Foul Ball, location: 2F
1-2: Ball
2-2: Ground out 6-3 (Groundball, 6, EV 89.4 MPH)
Batting: RHB Antonio Arechiga 0-0: Fly out, F9 (Flyball, 9S, EV 86.9 MPH)
Batting: RHB Nick Ellis 0-0: Intentional Walk
Batting: RHB Hyeon-cheong Lee 0-0: Ground out 4-3 (Groundball, 4, EV 104.4 MPH)
Bottom of the 7th over - 0 runs, 1 hit, 0 errors, 2 left on base; Madison 3 - Victoria 6
TOP OF THE 8TH
Madison Brewers batting - Pitching for Victoria Capitals : RHP Kevin Stodart
Batting: RHB Jelani Griffin 0-0: Ball
1-0: Foul Ball, location: 2F
1-1: Ball
2-1: Ball
3-1: Base on Balls
Batting: RHB Bobby Raya 0-0: Ball
1-0: Ball
2-0: Called Strike
2-1: SINGLE (Line Drive, 6D, EV 96.2 MPH)
Jelani Griffin to second
Pinch Hitting: LHB Danny Roberts 0-0: Ball
1-0: 3-RUN HOME RUN (Flyball, 7D, EV 95.6 MPH), Distance : 357 ft
Pitching: LHP Frank White
Pinch Hitting: RHB Mario Lopez 0-0: Single, Error in OF, E9, batter to second base (Groundball, 34D, EV 102.5 MPH)
Pinch Hitting: RHB Yang-cheng Kui 0-0: Fly out, F8 (Line Drive, 8RS, EV 104.4 MPH)
Batting: RHB Ivan Rivera 0-0: Intentional Walk
Batting: LHB Bill Kovac 0-0: Fly out, F7 (Flyball, 7D, EV 106.2 MPH)
Pitching: RHP Fernando Aguirre
Batting: RHB Ben Follett 0-0: Foul Ball, location: 2F
0-1: Called Strike
0-2: Foul Ball, location: 2F
0-2: Foul Ball, location: 2F
0-2: Foul Ball, location: 2F
0-2: Foul Ball, location: 2F
0-2: Ball
1-2: Strikes out looking
Top of the 8th over - 3 runs, 3 hits, 1 error, 2 left on base; Madison 6 - Victoria 6
BOTTOM OF THE 8TH
Victoria Capitals batting - Pitching for Madison Brewers : RHP Rick Acevedo
Now at C: Mario Lopez
Now at SS: Yang-cheng Kui
Now in LF: Danny Roberts
Now in RF: Ivan Rivera
Pinch Hitting: LHB Adam Lupfer 0-0: Called Strike
0-1: Called Strike
0-2: Strikes out swinging
Pinch Hitting: RHB Roberto Medina 0-0: Ball
1-0: Ball
2-0: Called Strike
2-1: Ball
3-1: Foul Ball, location: 2F
3-2: Strikes out looking
Pinch Hitting: LHB Yen-ti Zhu 0-0: Ground out 1-3 (Groundball, 15S, EV 69.4 MPH)
Bottom of the 8th over - 0 runs, 0 hits, 0 errors, 0 left on base; Madison 6 - Victoria 6
TOP OF THE 9TH
Madison Brewers batting - Pitching for Victoria Capitals : RHP Fernando Aguirre
Now at 1B: Yen-ti Zhu
Now at 2B: Roberto Medina
Now at SS: Ron Mack
Pinch Hitting: LHB Moriaki Saito 0-0: Ball
1-0: Foul Ball, location: 2F
1-1: Called Strike
1-2: Foul Ball, location: 2F
1-2: Foul Ball, location: 2F
1-2: Ball
2-2: Foul Ball, location: 2F
2-2: Ball
3-2: Fly out, F9 (Line Drive, 89M, EV 100.0 MPH)
Batting: RHB Jelani Griffin 0-0: Foul Ball, location: 2F
0-1: Ball
1-1: Ball
2-1: Ball
3-1: Foul Ball, location: 2F
3-2: Foul Ball, location: 2F
3-2: Fly out, F4 (Popup, 4M, EV 63.8 MPH)
Batting: RHB Bobby Raya 0-0: Called Strike
0-1: Ball
1-1: SINGLE (Groundball, 6D, EV 103.1 MPH)
Pitching: RHP Charlie Bowden
Batting: LHB Danny Roberts 0-0: Called Strike
0-1: Foul Ball, location: 2F
0-2: Foul Ball, location: 2F
0-2: Foul Ball, location: 2F
0-2: Ball
1-2: Ball
2-2: Fielders Choice at 2nd, 6-4 (Groundball, 4M, EV 100.0 MPH)
Top of the 9th over - 0 runs, 1 hit, 0 errors, 1 left on base; Madison 6 - Victoria 6
BOTTOM OF THE 9TH
Victoria Capitals batting - Pitching for Madison Brewers : RHP Rick Acevedo
Pitching: LHP Matt Rhinehart
Now in CF: Cory Taylor
Pinch Hitting: LHB Jason Cary 0-0: Ball
1-0: Ball
2-0: Called Strike
2-1: Called Strike
2-2: Strikes out looking
Pinch Hitting: RHB Jeremy Marin 0-0: Foul Ball, location: 2F
0-1: Foul Ball, location: 2F
0-2: Foul Ball, location: 2F
0-2: SINGLE (Groundball, 6MD, EV 97.5 MPH)
Pinch Hitting: RHB Rowan Prince 0-0: SINGLE (Groundball, 6MD, EV 98.1 MPH)
Jeremy Marin to second
Pinch Hitting: RHB Josh Rentz 0-0: Ball
1-0: Ball
2-0: Ball
3-0: Base on Balls
Jeremy Marin to third
Rowan Prince to second
Batting: RHB Nick Ellis 0-0: Ball
1-0: Foul Ball, location: 2F
1-1: Called Strike
1-2: Fly out, F9 (Flyball, 9, EV 90.6 MPH)
Batting: RHB Hyeon-cheong Lee 0-0: Called Strike
0-1: Ball
1-1: Ball
2-1: Foul Ball, location: 2F
2-2: Ball
3-2: Base on Balls
Jeremy Marin scores
Rowan Prince to third
Josh Rentz to second
Bottom of the 9th over - 1 run, 2 hits, 0 errors, 3 left on base; Madison 6 - Victoria 7
Sunday, July 16th , 2023 - OOTP Baseball 24.6 Build 69